 Dungeon Crawl Stone Soup version 0.25-a0-597-gb30770a0c0 (webtiles) character file.

Game seed: 14871719727667610961, levelgen mode: deterministic

6119 CryoSword the Spear-Bearer (level 10, -14/76 HPs)
             Began as a Merfolk Ice Elementalist on Mar 15, 2020.
             Was an Elder of the Shining One.
             Demolished by a large abomination (33 damage)
             ... on level 1 of the Abyss.
             The game lasted 00:52:28 (12807 turns).

CryoSword the Spear-Bearer (MfIE)                  Turns: 12807, Time: 00:52:28

Health: -14/76     AC:  6    Str:  9    XL:     10   Next: 89%
Magic:  17/26      EV: 17    Int: 20    God:    the Shining One [****..]
Gold:   673        SH:  3    Dex: 15    Spells: 4/19 levels left

rFire    + . .     SeeInvis .   a - +2 halberd (venom)
rCold    . . .     Gourm    .   (shield currently unavailable)
rNeg     + + .     Faith    .   B - +2 robe {rF+}
rPois    .         Spirit   .   D - +0 helmet
rElec    .         Reflect  +   (no cloak)
rCorr    .         Harm     .   Q - +0 pair of gloves
MR       .....                  (no boots)
Stlth    +.........             O - +3 amulet of reflection
HPRegen  0.22/turn              C - +3 ring of intelligence
MPRegen  0.20/turn              g - ring of magical power

@: frozen ramparts, glowing
A: change form in water, swift swim, stealthy swim
a: Divine Shield, Cleansing Flame, Renounce Religion


You were on level 1 of the Abyss.
You worshipped the Shining One.
The Shining One was greatly pleased with you.
You were not hungry.

You visited 1 branch of the dungeon, and saw 10 of its levels.
You visited the Abyss 1 time.

You collected 673 gold pieces.

Inventory:

Hand Weapons
 a - a +2 halberd of venom (weapon)
   (You took it off a wight on level 6 of the Dungeon)
Missiles
 E - 27 poisoned darts (quivered)
 F - 2 throwing nets {!f}
Armour
 w - a +0 tower shield
   (You found it on level 6 of the Dungeon)
 B - a +2 robe of fire resistance (worn)
   (You found it on level 9 of the Dungeon)
 D - a +0 helmet (worn)
   (You found it on level 4 of the Dungeon)
 Q - a +0 pair of gloves (worn)
   (You found it on level 8 of the Dungeon)
Magical Staves
 b - an uncursed staff of power {!a}
   (You found it on level 9 of the Dungeon)
Jewellery
 g - a ring of magical power (right hand)
   (You took it off a crimson imp on level 8 of the Dungeon)
 h - an uncursed amulet of harm {unknown}
   (You found it on level 9 of the Dungeon)
 p - an uncursed ring of poison resistance
   (You found it on level 1 of the Dungeon)
 A - an uncursed ring of flight
   (You found it on level 3 of the Dungeon)
 C - a +3 ring of intelligence (left hand)
   (You found it on level 4 of the Dungeon)
 N - a +2 ring of strength
   (You found it on level 7 of the Dungeon)
 O - a +3 amulet of reflection (around neck)
   (You found it on level 8 of the Dungeon)
 S - an uncursed ring of protection from cold
   (You found it on level 9 of the Dungeon)
Wands
 y - a wand of enslavement (8)
   (You found it on level 3 of the Dungeon)
 K - a wand of acid (8)
   (You found it on level 6 of the Dungeon)
Scrolls
 d - a scroll of immolation {unknown}
 e - 4 scrolls of remove curse {@r2}
 k - a scroll of identify {@r1}
 m - 2 scrolls of enchant armour {unknown}
 o - a scroll of silence {unknown}
 q - a scroll of magic mapping {unknown}
 u - a scroll of amnesia {unknown}
 v - 5 scrolls of fog
 z - 3 scrolls of teleportation {@r4}
 H - 2 scrolls of noise {unknown}
 I - 2 scrolls of enchant weapon {unknown}
 L - a scroll of blinking {unknown}
 M - 2 scrolls of fear {unknown}
 P - a scroll of random uselessness {unknown}
Potions
 c - 3 potions of brilliance
 f - a potion of lignification {unknown}
 i - 5 potions of curing {@q1}
 l - a potion of resistance {unknown}
 n - a potion of mutation {unknown}
 r - 2 potions of haste {@q3}
 s - a potion of stabbing {unknown}
 x - a potion of degeneration {unknown}
 G - a potion of might {unknown}
 J - 2 potions of ambrosia
 R - a potion of heal wounds {unknown}
Comestibles
 t - 12 rations {!d}


   Skills:
 + Level 6.1 Fighting
 + Level 10.7 Polearms
 + Level 7.9 Dodging
 - Level 2.1 Stealth
 - Level 5.0 Spellcasting
 + Level 2.1 Conjurations
 - Level 3.0 Charms
 * Level 4.1 Summonings
 * Level 10.0 Ice Magic
 + Level 1.8 Invocations


You had 4 spell levels left.
You knew the following spells:

 Your Spells              Type           Power        Failure   Level  Hunger
a - Freeze                Ice            ####         1%          1    None
b - Frozen Ramparts       Ice            #####.       1%          3    ##.....
c - Ozocubu's Armour      Chrm/Ice       ####....     2%          3    ##.....
d - Summon Ice Beast      Ice/Summ       ####....     6%          4    ####...
e - Hailstorm             Conj/Ice       ####....     10%         4    ####...

Your spell library contained the following spells:

 Spells                   Type           Power        Failure   Level  Hunger
 Confusing Touch          Hex            #.......     34%         3    ##.....
 Gell's Gravitas          Tloc           #.........   34%         3    ##.....
 Petrify                  Tmut/Erth      #.......     75%         4    ####...
 Metabolic Englaciation   Hex/Ice        ####......   38%         5    #####..
 Yara's Violent Unravell  Hex/Tmut       #.........   97%         5    #####..


Dungeon Overview and Level Annotations

Branches:
Dungeon (10/15)            Temple (0/1) D:5            Lair (0/6) D:9
    Orc: D:9-12

Altars:
Elyvilon
Gozag
Okawaru
Sif Muna
Uskayaw
The Shining One

Annotations:
D:9 3 runed translucent doors, Jatopt's ghost, novice MiBe
D:10 Erolcha; Urug


Message History

A large abomination comes into view.
You can now channel blasts of cleansing flame.
An iron imp comes into view.
The iron imp shouts, "Scamper away, thou churlish dismal-dreaming snake-molt!"
You barely miss the iron imp.
A large abomination comes into view.
Casting: Summon Ice Beast (safe; 6% risk of failure)
Confirm with . or Enter, or press ? or * to list all spells.
The walls around you are covered in icicles.
The walls release a blast of icicles at the iron imp!
The iron imp closely misses you.
The walls release a blast of icicles at the large abomination!
The large abomination is encased in ice.
A starcursed mass splits.
The walls release a blast of icicles at the iron imp!
The iron imp partially resists.
The iron imp is encased in ice.
The iron imp closely misses you.
A starcursed mass splits.
A chorus of shrieks assaults your mind.
The walls release a blast of icicles at the large abomination!
A starcursed mass splits.
The large abomination is no longer encased in ice.
Your ice beast hits the large abomination but does no damage.
The walls release a blast of icicles at the iron imp!
The iron imp partially resists.
The walls release a blast of icicles at the large abomination!
The large abomination is encased in ice.
The iron imp is no longer encased in ice.
Your ice beast disappears in a puff of smoke!
The walls release a blast of icicles at the large abomination!
The walls release a blast of icicles at the iron imp!
The iron imp partially resists.
The iron imp is encased in ice.
The large abomination is no longer encased in ice.
The walls release a blast of icicles at the large abomination!
The wall releases a blast of icicles at the starcursed mass!
The walls release a blast of icicles at the iron imp!
The iron imp partially resists.
You kill the iron imp!
The Shining One accepts your kill.
Casting: Frozen Ramparts (safe; 1% risk of failure)
Confirm with . or Enter, or press ? or * to list all spells.
You cannot sustain more frozen ramparts right now.
Casting: Frozen Ramparts (safe; 1% risk of failure)
Confirm with . or Enter, or press ? or * to list all spells.
You cannot sustain more frozen ramparts right now.
A large abomination comes into view.
The frozen ramparts melt away.
Casting: Frozen Ramparts (safe; 1% risk of failure)
Confirm with . or Enter, or press ? or * to list all spells.
The walls around you are covered in icicles.
The walls release a blast of icicles at the large abomination!
The large abomination is encased in ice.
The large abomination hits you!
The walls release a blast of icicles at the large abomination!
A small abomination comes into view.
The walls release a blast of icicles at the large abomination!
The large abomination is no longer encased in ice.
The wall releases a blast of icicles at the small abomination!
The small abomination is encased in ice.
The small abomination closely misses you.
You hit the small abomination but do no damage.
The small abomination is moderately damaged.
The walls release a blast of icicles at the large abomination!
The walls release a blast of icicles at the starcursed mass!
A starcursed mass splits.
The wall releases a blast of icicles at the small abomination!
The small abomination hits you but does no damage.
The walls release a blast of icicles at the large abomination!
The large abomination is encased in ice.
The large abomination hits you!!
* * * LOW HITPOINT WARNING * * *
You puncture the small abomination!
The small abomination is almost destroyed.
The small abomination is no longer encased in ice.
The walls release a blast of icicles at the starcursed mass!
The starcursed mass is encased in ice.
The starcursed mass shrieks in your mind.
* * * LOW HITPOINT WARNING * * *
The starcursed mass shudders and is absorbed by its neighbour.
The wall releases a blast of icicles at the small abomination!
You destroy the small abomination!
The Shining One accepts your kill.
You feel better.
You feel your power returning.
The walls release a blast of icicles at the large abomination!
The large abomination closely misses you.
Okay, then.
The walls release a blast of icicles at the large abomination! x2
The starcursed mass is no longer encased in ice.
The walls release a blast of icicles at the starcursed mass!
The starcursed mass is encased in ice.
The starcursed mass shrieks in your mind.
* * * LOW HITPOINT WARNING * * *
The frozen ramparts melt away.
The large abomination is no longer encased in ice.
Casting: Frozen Ramparts (safe; 1% risk of failure)
Confirm with . or Enter, or press ? or * to list all spells.
The walls around you are covered in icicles.
The walls release a blast of icicles at the large abomination!
The large abomination is encased in ice.
The large abomination hits you!!
You die...

..#..#...## ...
#..## #.#.....# ##
#..###...##.# #
###.# ##.#.# ## .#
...######.# #.#
#.#
#.#.#..X....##.#
..# #
..###.#.#..X##...#
.X... #####..#@..#
.#.#. # ####..# .
## #.. ..... .. .
##. ##.### .# .#
.# .# . #


You could see a starcursed mass and a large abomination.

Vanquished Creatures
  An ancient zyme (Abyss:1)
  5 raiju (Abyss:1)
  A ynoxinul (Abyss:1)
  A hungry ghost (D:8)
  A neqoxec (Abyss:1)
  A porcupine (D:9)
  A small abomination (Abyss:1)
  An orc warrior (D:8)
  3 ice beasts
  A sky beast (D:7)
  A black bear (D:7)
  3 phantoms
  4 ogres
  A centaur (D:7)
  4 bullfrogs
  6 scorpions
  A water moccasin skeleton (D:8)
  10 killer bees
  4 wights (D:6)
  2 howler monkeys (D:9)
  2 jellies (D:7)
  2 crimson imps
  A quasit (D:6)
  A bullfrog zombie (D:5)
  4 hounds
  2 orc priests
  8 orc wizards
  2 iron imps (Abyss:1)
  A centaur skeleton (D:9)
  4 iguanas
  10 worker ants
  A killer bee zombie (D:8)
  2 hound skeletons
  A worker ant zombie (D:4)
  A gnoll (D:4)
  11 adders
  2 shadow imps
  An ooze (D:2)
  2 adder zombies
  2 worms
  A dart slug (D:1)
  7 leopard geckos
  20 orcs
  A giant cockroach (D:3)
  8 goblins
  5 hobgoblins
  22 jackals
  7 kobolds
  6 quokkas
  4 bats
  6 frilled lizards
  A jackal skeleton (D:4)
  A leopard gecko skeleton (D:4)
  6 rats
207 creatures vanquished.

Vanquished Creatures (collateral kills)
  A centaur skeleton (D:9)
  A raiju (Abyss:1)
  A small abomination (Abyss:1)
  An orc warrior (D:9)
  A black bear (D:9)
  A crocodile (D:9)
  A hound (D:9)
  An iron imp (Abyss:1)
  An orc wizard (D:9)
  A worker ant (D:9)
  An adder (D:9)
  2 orcs (D:9)
  A plant (D:9)
14 creatures vanquished.

Vanquished Creatures (others)
  An orc wizard (D:8)
  6 fungi (D:9)
  3 plants (D:9)
10 creatures vanquished.

Grand Total: 231 creatures vanquished

Notes
Turn   | Place    | Note
-------+----------+-------------------------------------------
     0 | D:1      | CryoSword the Merfolk Ice Elementalist began the quest for
                  | the Orb.
     0 | D:1      | Reached XP level 1. HP: 13/13 MP: 3/3
   420 | D:1      | Reached XP level 2. HP: 20/20 MP: 3/5
  1060 | D:1      | Reached skill level 1 in Fighting
  1583 | D:2      | Reached XP level 3. HP: 26/26 MP: 3/6
  1794 | D:2      | Learned a level 3 spell: Frozen Ramparts
  2340 | D:2      | Reached skill level 5 in Ice Magic
  2841 | D:3      | Noticed an ice beast
  3181 | D:3      | Reached skill level 1 in Polearms
  3181 | D:3      | Reached XP level 4. HP: 29/32 MP: 1/7
  3678 | D:3      | Learned a level 3 spell: Ozocubu's Armour
  3938 | D:3      | Found a glowing golden altar of the Shining One.
  3946 | D:3      | Became a worshipper of the Shining One
  4498 | D:3      | Killed an ice beast
  4498 | D:3      | Reached XP level 5. HP: 8/38 MP: 2/9
  4769 | D:3      | Reached skill level 1 in Charms
  4769 | D:3      | Reached XP level 6. HP: 24/44 MP: 3/10
  4991 | D:4      | Noticed a phantom
  5173 | D:4      | Killed a phantom
  5297 | D:4      | Found a transporter.
  5301 | D:4      | Found a shimmering blue altar of Sif Muna.
  5301 | D:4      | Found a hide-covered altar of Uskayaw.
  5312 | D:4      | Found a transporter.
  5760 | D:4      | Reached XP level 7. HP: 44/51 MP: 6/11
  5766 | D:4      | Learned a level 4 spell: Summon Ice Beast
  6130 | D:4      | Reached skill level 5 in Polearms
  6378 | D:4      | Reached skill level 1 in Summonings
  6746 | D:5      | Entered Level 5 of the Dungeon
  6797 | D:5      | Reached XP level 8. HP: 41/58 MP: 6/13
  6955 | D:5      | Found an opulent altar of Gozag.
  7025 | D:5      | Found a staircase to the Ecumenical Temple.
  7568 | D:6      | Reached skill level 5 in Dodging
  7704 | D:6      | Reached * piety under the Shining One
  8630 | D:7      | Found an iron altar of Okawaru.
  8690 | D:7      | Reached XP level 9. HP: 58/65 MP: 9/15
  8698 | D:7      | Learned a level 4 spell: Hailstorm
  8841 | D:7      | Found a hide-covered altar of Uskayaw.
  9754 | D:8      | Found a white marble altar of Elyvilon.
 10158 | D:8      | Reached ** piety under the Shining One
 10331 | D:8      | Reached skill level 5 in Fighting
 10708 | D:8      | Reached XP level 10. HP: 74/74 MP: 13/17
 10830 | D:9      | Reached skill level 5 in Spellcasting
 11231 | D:9      | Reached skill level 10 in Polearms
 11231 | D:9      | Reached skill level 1 in Conjurations
 11403 | D:9      | Found a runed translucent gate.
 11404 | D:9      | Found a runed translucent gate.
 11405 | D:9      | Found a runed translucent gate.
 11405 | D:9      | Noticed a kobold demonologist
 11405 | D:9      | Noticed Jatopt's ghost (novice MiBe)
 11405 | D:9      | Noticed a kobold demonologist
 11406 | D:9      | Noticed a kobold demonologist
 11507 | D:9      | Found a staircase to the Lair.
 11891 | D:10     | Entered Level 10 of the Dungeon
 11901 | D:10     | Noticed Erolcha
 12113 | D:10     | Noticed Urug
 12113 | D:10     | Noticed a two-headed ogre
 12163 | D:10     | Cast into level 1 of the Abyss (Erolcha)
 12210 | Abyss:1  | Noticed a sixfirhy
 12210 | Abyss:1  | Reached *** piety under the Shining One
 12247 | Abyss:1  | Reached skill level 1 in Invocations
 12269 | Abyss:1  | Noticed a glowing orange brain
 12269 | Abyss:1  | Noticed a wretched star
 12270 | Abyss:1  | Noticed an eye of devastation
 12271 | Abyss:1  | Found a corrupted altar of Lugonu.
 12271 | Abyss:1  | Noticed a tentacled monstrosity
 12271 | Abyss:1  | Noticed a glowing orange brain
 12271 | Abyss:1  | an eye of devastation changed into a glowing orange brain
 12272 | Abyss:1  | Noticed a tentacled starspawn
 12272 | Abyss:1  | Noticed an apocalypse crab
 12272 | Abyss:1  | a glowing orange brain changed into a swamp worm
 12274 | Abyss:1  | Noticed an orange demon
 12586 | Abyss:1  | Noticed a worldbinder
 12633 | Abyss:1  | Noticed a thrashing horror
 12644 | Abyss:1  | Reached skill level 10 in Ice Magic
 12682 | Abyss:1  | Noticed a starcursed mass
 12773 | Abyss:1  | Reached **** piety under the Shining One
 12779 | Abyss:1  | Noticed a large abomination
 12807 | Abyss:1  | Demolished by a large abomination

Levels and vault maps discovered:
D:1:      nagdon_arrival_zigzag_paths, layout_basic
D:2:      layout_basic, nrook_loot_triangle
D:3:      layout_rooms, nicolae_tso_swordbearing_angel
D:4:      kennysheep_spiral_hall, layout_loops_ring,
          gammafunk_temple_overflow_arena, first_ration
D:5:      layout_gridville, grunt_gozag_statues, temple_hall
D:6:      layout_basic
D:7:      layout_basic, lemuel_coloured_pillars_altar, basic_altar
D:8:      layout_basic, old_standard_altar
D:9:      layout_loops_ring, grunt_lair_entry_orc_guard_hut,
          gammafunk_ghost_nasty_kobolds
D:10:     layout_rooms, hangedman_fish_farm, uniq_urug, uniq_erolcha
Abyss:1:  base: D:10, gammafunk_corrupted_shrine, gammafunk_corrupted_shrine

Skill      XL: |  1  2  3  4  5  6  7  8  9 10 |
---------------+-------------------------------+-----
Dodging        | 3 4 5 6 7 |  7.9
Fighting       | 1 2 3 4 5 6 |  6.1
Ice Magic      | 5 6 7 9 10 | 10.0
Polearms       | 1 3 4 5 7 9 10 | 10.7
Charms         | 1 2 3 |  3.0
Spellcasting   | 3 4 5 |  5.0
Summonings     | 1 2 3 4 |  4.1
Conjurations   | 2 |  2.1
Invocations    | 1 |  1.8
Stealth        | |  2.1

Action                   |  1- 3 |  4- 6 |  7- 9 | 10-12 || total
-------------------------+-------+-------+-------+-------++-------
Melee: Dagger            |    33 |       |       |       ||    33
       Club              |     2 |       |       |       ||     2
       Trident           |    12 |    78 |    77 |       ||   167
       Halberd           |       |       |   101 |    34 ||   135
       Staff             |       |       |       |     6 ||     6
Throw: Stone             |     1 |     4 |     5 |       ||    10
       Dart              |       |       |     1 |       ||     1
 Cast: Freeze            |    42 |    25 |    20 |     8 ||    95
       Frozen Ramparts   |     9 |    24 |    60 |    36 ||   129
       Summon Ice Beast  |       |       |       |    32 ||    32
  Use: Scroll            |       |     3 |     4 |     4 ||    11
       Potion            |       |       |       |     2 ||     2
 Stab: Sleeping          |     4 |       |       |       ||     4
  Eat: Ration            |     1 |       |       |     2 ||     3
       Chunk             |     5 |    24 |    19 |     4 ||    52
Armor: Robe              |    16 |    15 |    10 |     6 ||    47
Dodge: Dodged            |    52 |    79 |   100 |    44 ||   275
Block: Other             |       |       |     4 |    10 ||    14
       Reflection        |       |       |     1 |       ||     1

Table legend:
 A = Non-vault XP
 B = Vault XP
 C = Vault XP percentage of total XP
 D = Non-vault monster count
 E = Vault monster count
 F = Vault count percentage of total count
                 A         B        C        D         E       F
            +---------+---------+-------+---------+---------+-------
      Total |    8081 |     661 |   7.6 |     207 |      14 |   6.3
            +---------+---------+-------+---------+---------+-------
        D:1 |      32 |       0 |   0.0 |      17 |       0 |   0.0
        D:2 |      32 |       0 |   0.0 |      15 |       0 |   0.0
        D:3 |     258 |       0 |   0.0 |      26 |       0 |   0.0
        D:4 |     604 |     136 |  18.4 |      15 |       8 |  34.8
        D:5 |     184 |       0 |   0.0 |       9 |       0 |   0.0
        D:6 |     703 |       0 |   0.0 |      21 |       0 |   0.0
        D:7 |    1198 |       0 |   0.0 |      24 |       0 |   0.0
        D:8 |    1511 |       0 |   0.0 |      32 |       0 |   0.0
        D:9 |    1083 |     525 |  32.6 |      32 |       6 |  15.8
       D:10 |      73 |       0 |   0.0 |       2 |       0 |   0.0
    Abyss:1 |    2403 |       0 |   0.0 |      14 |       0 |   0.0
            +---------+---------+-------+---------+---------+-------
